BSA
SAN FRANCISCO BANDITS @ ORLANDO CALRISSIAN
04/11/2026
 
TOP OF THE 1ST
San Francisco Bandits batting - Pitching for Orlando Calrissian : RHP Dave Heath
Pitching: RHP Dave Heath
Batting: RHB Pete Rideout 0-0: Called Strike
0-1: Called Strike
0-2: Strikes out looking
Batting: RHB Cory Foster 0-0: Called Strike
0-1: Ball
1-1: Fly out, F2 (Popup, 25F)
Batting: LHB Jerry Bryan 0-0: Called Strike
0-1: Foul Ball, location: 2F
0-2: Ball
1-2: Foul Ball, location: 2F
1-2: Ball
2-2: Ball
3-2: Foul Ball, location: 2F
3-2: SINGLE (Line Drive, 4MD)
Batting: RHB Jorge Morales 0-0: Fielders Choice at 2nd, 6-4 (Groundball, 6)
Top of the 1st over - 0 run(s), 1 hit(s), 0 error(s), 0 left on base; San Francisco 0 - Orlando 0
BOTTOM OF THE 1ST
Orlando Calrissian batting - Pitching for San Francisco Bandits : RHP Mabuchi Yoshida
Pitching: RHP Mabuchi Yoshida
Batting: LHB Danny Allen 0-0: Ground out 6-3 (Groundball, 6M)
Batting: SHB Tim Abbott 0-0: Ball
1-0: Swinging Strike
1-1: Bunt for hit - play at first, batter OUT! 5-3
Batting: LHB Santiago Márquez 0-0: Swinging Strike
0-1: Ball
1-1: Foul Ball, location: 2F
1-2: Foul Ball, location: 2F
1-2: Ball
2-2: Foul Ball, location: 2F
2-2: Ground out 4-3 (Groundball, 34)
Bottom of the 1st over - 0 run(s), 0 hit(s), 0 error(s), 0 left on base; San Francisco 0 - Orlando 0
TOP OF THE 2ND
San Francisco Bandits batting - Pitching for Orlando Calrissian : RHP Dave Heath
Batting: RHB Michael Elliott 0-0: Ball
1-0: DOUBLE (Groundball, 5L)
Batting: SHB Vicente Ricks 0-0: Ball
1-0: Ball
2-0: Ground out 3-1 (Groundball, 34)
Michael Elliott to third
Batting: RHB Bob Orr 0-0: Swinging Strike
0-1: Called Strike
0-2: Foul Ball, location: 2F
0-2: Ball
1-2: Ball
2-2: Foul Ball, location: 2F
2-2: Fly out, F8 (Flyball, 8LM)
Runner from 3rd tags up, SCORES, no throw
Batting: RHB Emílio Bruno 0-0: Called Strike
0-1: Ball
1-1: Fly out, F9 (Flyball, 89M)
Top of the 2nd over - 1 run(s), 1 hit(s), 0 error(s), 0 left on base; San Francisco 1 - Orlando 0
BOTTOM OF THE 2ND
Orlando Calrissian batting - Pitching for San Francisco Bandits : RHP Mabuchi Yoshida
Batting: RHB Raúl Canó 0-0: Fly out, F8 (Popup, 4D)
Batting: RHB Rich Anderson 0-0: Called Strike
0-1: SINGLE (Line Drive, 6D)
Batting: LHB Juan Colón 0-0: Called Strike
0-1: Ball
1-1: Ball
2-1: Foul Ball, location: 2F
Balk!
Rich Anderson to second
2-2: Strikes out swinging
Batting: RHB Frederico Hernández 0-0: Ball
1-0: Ball
2-0: DOUBLE (Line Drive, 5D)
Rich Anderson scores
Batting: RHB Enrique Bermúdez 0-0: Ball
1-0: Foul Ball, location: 2F
1-1: SINGLE (Groundball, 4D)
Frederico Hernández to third
Runner from 3rd tries for Home, SAFE, no throw or cutoff
Batting: RHB Robby Lewis 0-0: Ball
1-0: SINGLE (Popup, 4MD)
Enrique Bermúdez to second
Runner from 2nd tries for 3rd, SAFE, no throw or cutoff
Batting: LHB Danny Allen 0-0: Ball
1-0: Ball
2-0: Ball
3-0: Called Strike
3-1: Called Strike
3-2: Foul Ball, location: 2F
3-2: Base on Balls
Robby Lewis to second
Batting: SHB Tim Abbott 0-0: DOUBLE (Line Drive, 78D)
Enrique Bermúdez scores
Robby Lewis scores
Danny Allen to third
Runner from 3rd tries for Home, SAFE, no throw or cutoff
Batting: LHB Santiago Márquez 0-0: SINGLE (Popup, 5D)
Tim Abbott to third
Runner from 3rd tries for Home, SAFE, no throw or cutoff
Batting: RHB Raúl Canó 0-0: Ball
1-0: Ball
2-0: Called Strike
Reached via error on a dropped throw, E3
Santiago Márquez to second
Batting: RHB Rich Anderson 0-0: Ball
1-0: Ball
2-0: Called Strike
2-1: Foul Ball, location: 2F
2-2: Fly out, F8 (Flyball, 78D)
Bottom of the 2nd over - 6 run(s), 6 hit(s), 1 error(s), 2 left on base; San Francisco 1 - Orlando 6
TOP OF THE 3RD
San Francisco Bandits batting - Pitching for Orlando Calrissian : RHP Dave Heath
Batting: RHB Javier Ramírez 0-0: Called Strike
0-1: Foul Ball, location: 2F
0-2: Ball
1-2: Foul Ball, location: 2F
1-2: Strikes out swinging
Batting: RHB Pete Rideout 0-0: Ball
1-0: Fly out, F7 (Flyball, 78M)
Batting: RHB Cory Foster 0-0: Ball
1-0: Ball
2-0: Ground out 1-3 (Groundball, 13)
Top of the 3rd over - 0 run(s), 0 hit(s), 0 error(s), 0 left on base; San Francisco 1 - Orlando 6
BOTTOM OF THE 3RD
Orlando Calrissian batting - Pitching for San Francisco Bandits : RHP Mabuchi Yoshida
Batting: LHB Juan Colón 0-0: Foul Ball, location: 2F
0-1: Ball
1-1: Foul Ball, location: 2F
1-2: Foul Ball, location: 2F
1-2: Ball
2-2: Ball
3-2: Ground out 4-3 (Groundball, 4)
Batting: RHB Frederico Hernández 0-0: Ball
1-0: Ball
2-0: Called Strike
2-1: Ground out 5-3 (Groundball, 56S)
Batting: RHB Enrique Bermúdez 0-0: Called Strike
0-1: Ball
1-1: Ball
2-1: Ground out 5-3 (Groundball, 5L)
Bottom of the 3rd over - 0 run(s), 0 hit(s), 0 error(s), 0 left on base; San Francisco 1 - Orlando 6
TOP OF THE 4TH
San Francisco Bandits batting - Pitching for Orlando Calrissian : RHP Dave Heath
Batting: LHB Jerry Bryan 0-0: Ball
1-0: Ground out 4-3 (Groundball, 34)
Batting: RHB Jorge Morales 0-0: Called Strike
0-1: Ball
1-1: Ground out 4-3 (Groundball, 4)
Batting: RHB Michael Elliott 0-0: Ball
1-0: SINGLE (Groundball, 4MD)
Batting: SHB Vicente Ricks 0-0: Called Strike
Michael Elliott is caught stealing 2nd base
Top of the 4th over - 0 run(s), 1 hit(s), 0 error(s), 0 left on base; San Francisco 1 - Orlando 6
BOTTOM OF THE 4TH
Orlando Calrissian batting - Pitching for San Francisco Bandits : RHP Mabuchi Yoshida
Batting: RHB Robby Lewis 0-0: Called Strike
0-1: Foul Ball, location: 2F
0-2: Ball
1-2: Ball
2-2: Strikes out swinging
Batting: LHB Danny Allen 0-0: Fly out, F7 (Flyball, 7LS)
Batting: SHB Tim Abbott 0-0: Ball
1-0: Called Strike
1-1: Ball
2-1: SINGLE (Flyball, 8RS)
Batting: LHB Santiago Márquez 0-0: Foul Ball, location: 2F
0-1: Ball
1-1: Called Strike
Throwing error on steal attempt, E2
Tim Abbott to third
1-2: Foul Ball, location: 2F
1-2: Ground out 6-3 (Groundball, 6)
Bottom of the 4th over - 0 run(s), 1 hit(s), 1 error(s), 1 left on base; San Francisco 1 - Orlando 6
TOP OF THE 5TH
San Francisco Bandits batting - Pitching for Orlando Calrissian : RHP Dave Heath
Batting: SHB Vicente Ricks 0-0: Ball
1-0: Fly out, F7 (Flyball, 78D)
Batting: RHB Bob Orr 0-0: Swinging Strike
0-1: Foul Ball, location: 2F
0-2: Ball
1-2: Ground out 5-3 (Groundball, 56)
Batting: RHB Emílio Bruno 0-0: Ball
1-0: Ground out 1-3 (Groundball, 23)
Top of the 5th over - 0 run(s), 0 hit(s), 0 error(s), 0 left on base; San Francisco 1 - Orlando 6
BOTTOM OF THE 5TH
Orlando Calrissian batting - Pitching for San Francisco Bandits : RHP Mabuchi Yoshida
Batting: RHB Raúl Canó 0-0: Swinging Strike
0-1: Ground out 4-3 (Groundball, 4M)
Batting: RHB Rich Anderson 0-0: Ball
1-0: Called Strike
1-1: Called Strike
1-2: Foul Ball, location: 2F
1-2: SINGLE (Flyball, 8RS)
Batting: LHB Juan Colón 0-0: Foul Ball, location: 2F
0-1: Foul Ball, location: 2F
0-2: Strikes out swinging
Batting: RHB Frederico Hernández 0-0: Called Strike
0-1: Ball
1-1: Ball
Pickoff Throw to First - Out!
Bottom of the 5th over - 0 run(s), 1 hit(s), 0 error(s), 0 left on base; San Francisco 1 - Orlando 6
TOP OF THE 6TH
San Francisco Bandits batting - Pitching for Orlando Calrissian : RHP Dave Heath
Batting: RHB Javier Ramírez 0-0: Fly out, F7 (Flyball, 7M)
Batting: RHB Pete Rideout 0-0: Ground out 6-3 (Groundball, 6MS)
Batting: RHB Cory Foster 0-0: Foul Ball, location: 2F
0-1: Ball
1-1: Ball
2-1: Ground out 5-3 (Groundball, 56S)
Top of the 6th over - 0 run(s), 0 hit(s), 0 error(s), 0 left on base; San Francisco 1 - Orlando 6
BOTTOM OF THE 6TH
Orlando Calrissian batting - Pitching for San Francisco Bandits : RHP Mabuchi Yoshida
Batting: RHB Frederico Hernández 0-0: Ball
1-0: Ground out 1-3 (Groundball, 13S)
Batting: RHB Enrique Bermúdez 0-0: Foul Ball, location: 2F
0-1: Reached on error, E5 (Groundball, 5)
Batting: RHB Robby Lewis 0-0: Called Strike
0-1: Fly out, F2 (Popup, 2LF)
Batting: LHB Danny Allen 0-0: Ball
1-0: Foul Ball, location: 2F
1-1: Reached on Error, E4 (Line Drive, 4)
Enrique Bermúdez to second
Batting: SHB Tim Abbott 0-0: Ball
1-0: Foul Ball, location: 2F
1-1: Fielders Choice at 2nd, U4 (Groundball, 4M)
Bottom of the 6th over - 0 run(s), 0 hit(s), 2 error(s), 2 left on base; San Francisco 1 - Orlando 6
TOP OF THE 7TH
San Francisco Bandits batting - Pitching for Orlando Calrissian : RHP Dave Heath
Batting: LHB Jerry Bryan 0-0: Ball
1-0: Called Strike
1-1: Fly out, F6 (Line Drive, 6MD)
Batting: RHB Jorge Morales 0-0: Ground out 4-3 (Groundball, 4S)
Batting: RHB Michael Elliott 0-0: Ball
1-0: SINGLE (Line Drive, 89S)
Batting: SHB Vicente Ricks 0-0: Ball
1-0: SINGLE (Groundball, 3D)
Michael Elliott to second
Runner from 2nd tries for 3rd, SAFE, throw made to third
Batting: RHB Bob Orr 0-0: Ball
1-0: Foul Ball, location: 2F
1-1: Ground out 4-3 (Groundball, 4)
Top of the 7th over - 0 run(s), 2 hit(s), 0 error(s), 2 left on base; San Francisco 1 - Orlando 6
BOTTOM OF THE 7TH
Orlando Calrissian batting - Pitching for San Francisco Bandits : RHP Mabuchi Yoshida
Batting: LHB Santiago Márquez 0-0: Called Strike
0-1: Ball
1-1: Foul Ball, location: 2F
1-2: Ball
2-2: Ball
3-2: Foul Ball, location: 2F
3-2: Foul Ball, location: 2F
3-2: Fly out, F7 (Line Drive, 78D)
Batting: RHB Raúl Canó 0-0: Swinging Strike
0-1: Fly out, F9 (Flyball, 9D)
Batting: RHB Rich Anderson 0-0: Foul Ball, location: 2F
0-1: Swinging Strike
0-2: Ball
1-2: Ball
2-2: Ball
3-2: Base on Balls
Pitching: RHP Fernando Llama
Batting: LHB Juan Colón 0-0: Ball
1-0: Ball
2-0: Ball
3-0: Called Strike
3-1: Called Strike
3-2: Foul Ball, location: 2F
3-2: Base on Balls
Rich Anderson to second
Batting: RHB Frederico Hernández 0-0: Ball
1-0: Fielders Choice at 2nd, U6 (Groundball, 6MD)
Bottom of the 7th over - 0 run(s), 0 hit(s), 0 error(s), 2 left on base; San Francisco 1 - Orlando 6
TOP OF THE 8TH
San Francisco Bandits batting - Pitching for Orlando Calrissian : RHP Dave Heath
Batting: RHB Emílio Bruno 0-0: Ball
1-0: Ball
2-0: Foul Ball, location: 2F
2-1: Fly out, F9 (Line Drive, 89S)
Batting: RHB Javier Ramírez 0-0: Ball
1-0: Ground out 4-3 (Groundball, 13)
Batting: RHB Pete Rideout 0-0: Foul Ball, location: 2F
0-1: Ground out 2-3 (Groundball, 25)
Top of the 8th over - 0 run(s), 0 hit(s), 0 error(s), 0 left on base; San Francisco 1 - Orlando 6
BOTTOM OF THE 8TH
Orlando Calrissian batting - Pitching for San Francisco Bandits : RHP Fernando Llama
Batting: RHB Enrique Bermúdez 0-0: Ball
1-0: Foul Ball, location: 2F
1-1: Called Strike
1-2: Ball
2-2: Foul Ball, location: 2F
2-2: SINGLE (Groundball, 6MD)
Batting: RHB Robby Lewis 0-0: Bunted foul
0-1: Bunted foul
0-2: Ball
1-2: Ball
2-2: Fly out, F6 (Line Drive, 6M)
2-2: Fly out, F6 (Line Drive, 6M)
Batting: LHB Danny Allen 0-0: Called Strike
0-1: Ball
1-1: Grounds into double play, 4-6-3 (Groundball, 4)
Bottom of the 8th over - 0 run(s), 1 hit(s), 0 error(s), 0 left on base; San Francisco 1 - Orlando 6
TOP OF THE 9TH
San Francisco Bandits batting - Pitching for Orlando Calrissian : RHP Dave Heath
Pitching: LHP Salvador Rodríguez
Batting: RHB Cory Foster 0-0: Called Strike
0-1: Fly out, F2 (Popup, 2LF)
Batting: LHB Jerry Bryan 0-0: Ball
1-0: Called Strike
1-1: Called Strike
1-2: Ball
2-2: Ball
3-2: Strikes out swinging
Batting: RHB Jorge Morales 0-0: Called Strike
0-1: Swinging Strike
0-2: Foul Ball, location: 2F
0-2: Ball
1-2: Foul Ball, location: 2F
1-2: Fly out, F9 (Flyball, 9M)
Top of the 9th over - 0 run(s), 0 hit(s), 0 error(s), 0 left on base; San Francisco 1 - Orlando 6
Monday, December 5th, 2016 - OOTP Baseball 17.12 Build 75